[Event "*** Titled Tuesday Blitz"]
[Site "Chess.com"]
[Date "2019.06.04"]
[Round "10"]
[White "Polish_fighter3000"]
[Black "Hikaru"]
[Result "0-1"]
[WhiteElo "3007"]
[BlackElo "3210"]
[TimeControl "180+2"]
[EndTime "15:19:43 PDT"]
[Termination "Hikaru won by resignation"]

1. e4 e5 2. Nf3 Nc6 3. Bc4 Bc5 4. c3 Nf6 5. d3 d6 6. O-O O-O 7. Bg5 h6 8. Bh4 g5 9. Bg3 Kg7 10.
Nbd2 a5 11. h3 Ba7 12. Bb3 Nh7 13. d4 exd4 14. cxd4 Nxd4 15. Nxd4 Bxd4 16. Qc2 f5 17. Nf3 Bc5 18. e5 f4 19. Bh2 Bf5 20. Qc3 Bb4 21.
Qc4 d5 22. Qxd5 Qxd5 23. Bxd5 c6 24. Bc4 b5 25. Be2 Rfd8 26. Rfc1 Be4 27. a4 bxa4 28. Rxa4 Nf8 29. Ne1 Ne6 30. Bf3 Nd4 31. Kf1 Bxf3 32.
Nxf3 Nxf3 33. gxf3 c5 34. h4 Rd5 35. hxg5 hxg5 36.
e6 Kf6 37. Bg1 Kxe6 38. Raa1 Rad8 39. Kg2 Kf5 40. b3 Re8 41. Rab1 Re2 42. Kf1 Red2 43. Kg2 R2d3 44. Bh2 Rc3 45. Rh1 Rdd3 46. Rbe1 Rxb3 47. Re8 c4 48. Bg1 c3 49. Rc8 a4 50. Rh7 a3 51.
Rf7+ Ke6 52. Ra7 Rb2 53. Ra6+ Rd6 54. Ra7 a2 55. Re8+ Kd5 56. Rea8 c2 57. Rg8 c1=Q 58.
Rxg5+ Kc6 59. Ra6+ Kb7 0-1

[Event "*** Titled Tuesday Blitz"]
[Site "Chess.com"]
[Date "2019.06.04"]
[Round "10"]
[White "Supernotar"]
[Black "m3alam"]
[Result "1-0"]
[WhiteElo "2563"]
[BlackElo "2379"]
[TimeControl "180+2"]
[EndTime "15:19:48 PDT"]
[Termination "Supernotar won by resignation"]

1. d4 e6 2. c4 Nf6 3. Nf3 c5 4. d5 exd5 5. cxd5 Bd6 6. Nc3 O-O 7. Nd2 Re8 8. g3 Bc7 9. Bg2 Ba5 10. O-O Bxc3 11.
bxc3 d6 12. c4 Nbd7 13. Bb2 b6 14. e4 Ne5 15. Qc2 Ba6 16. a4 h5 17. h3 h4 18.
f4 Ng6 19. g4 Qe7 20. Rae1 Nd7 21. Rf2 Bb7 22. Qc3 f6 23. Nf1 a6 24. Ne3 b5 25.
Nf5 Qf8 26. axb5 axb5 27. cxb5 Nb6 28. g5 Na4 29. Qb3 Nxb2 30. Qxb2 Bxd5 31. gxf6 gxf6 32. Kh2 Be6 33. Ne3 f5 34. exf5 Bxf5 35. Bxa8 Rxa8 36. Rg1 Kh7 37. Rg5 Be4 38. Ng4 Nxf4 39.
Nf6+ Kh6 40. Nxe4 d5 41. Rg4 Nh5 42. Rxf8 1-0

[Event "*** Titled Tuesday Blitz"]
[Site "Chess.com"]
[Date "2019.06.04"]
[Round "10"]
[White "x-5963514717"]
[Black "Rumpel-VK"]
[Result "1/2-1/2"]
[WhiteElo "2513"]
[BlackElo "2606"]
[TimeControl "180+2"]
[EndTime "15:19:51 PDT"]
[Termination "Game drawn by repetition"]

1. Nf3 d5 2. g3 Bg4 3. Bg2 Nd7 4. O-O c6 5. d3 e5 6. Nbd2 Ngf6 7. e4 dxe4 8. dxe4 Bc5 9. h3 Bh5 10. Qe1 O-O 11.
Nc4 Qe7 12. Nh4 Bg6 13. a4 Nh5 14. Ne3 Bxe3 15. Bxe3 f6 16. Nxg6 hxg6 17. Qc3 Kh7 18. a5 a6 19. Rfd1 Rfd8 20. Rd3 f5 21. Rad1 f4 22. Bc1 Nc5 23. Rxd8 Rxd8 24. Rxd8 Qxd8 25. Qxc5 Qd1+ 26. Kh2 fxg3+ 27. fxg3 Qxc1 28. Qxe5 Qxc2 29. b4 Nf6 30. Qf4 Nh5 31. Qh4 Qc3 32. g4 Qe5+ 33. Kg1 Qd4+ 34. Kh2 Qe5+ 35. Kg1 Qa1+ 36. Kh2 Qe5+ 1/2-1/2

[Event "*** Titled Tuesday Blitz"]
[Site "Chess.com"]
[Date "2019.06.04"]
[Round "10"]
[White "attack2mateU"]
[Black "chessking2151"]
[Result "1-0"]
[WhiteElo "2702"]
[BlackElo "2591"]
[TimeControl "180+2"]
[EndTime "15:19:53 PDT"]
[Termination "attack2mateU won by resignation"]

1. e4 e5 2. Nf3 Nc6 3. Bb5 a6 4. Ba4 Nf6 5. O-O Be7 6. Re1 b5 7. Bb3 O-O 8. a4 Bb7 9. d3 d6 10. Nc3 Na5 11. Ba2 b4 12. Ne2 d5 13.
exd5 Bxd5 14. Bxd5 Qxd5 15. Ng3 Bd6 16. b3 Rfe8 17.
Bb2 c5 18. Nf5 Nc6 19. Ne3 Qe6 20. Nc4 Nd7 21. Ng5 Qg6 22. Qf3 Be7 23. Nxf7 e4 24. Qh3 Kxf7 25. Qxd7 Kg8 26. Rxe4 Rad8 27. Qe6+ Qxe6 28.
Rxe6 Nb8 29. Rae1 Kf7 30. Bxg7 Rd5 31. Bf6 Bxf6 32. Rxe8 Nc6 33. Ra8 Nd4 34. Rxa6 Nxc2 35. Rd6 Rxd3 36. Rxd3 Nxe1 37. Rd2 Bc3 38. Rd7+ Ke6 39.
Rxh7 Nd3 40. a5 Nc1 41. a6 Nxb3 42. a7 Nd2 43. a8=Q 1-0

[Event "*** Titled Tuesday Blitz"]
[Site "Chess.com"]
[Date "2019.06.04"]
[Round "10"]
[White "LonesomeGeorge1"]
[Black "ellennilssen"]
[Result "1-0"]
[WhiteElo "2397"]
[BlackElo "2089"]
[TimeControl "180+2"]
[EndTime "15:19:55 PDT"]
[Termination "LonesomeGeorge1 won by resignation"]

1. e4 e6 2. Qe2 c5 3. Nf3 Be7 4.
c3 d5 5. e5 Nc6 6. d3 b5 7. g3 h5 8. h4 Nh6 9. Bg2 Bb7 10. O-O Qc7 11. Bf4 Ng4 12. Nbd2 a5 13. a4 b4 14. c4 Rd8 15. cxd5 Rxd5 16. Nc4 O-O 17. Rac1 Rfd8 18. Rfd1 Ba6 19. Nd6 Nd4 20. Nxd4 Rxd4 21. Bf3 Nxe5 22. Bxe5 R8xd6 23. Bxd4 Rxd4 24. Bxh5 Bd6 25. Qe3 Qd7 26. Bf3 Qxa4 27. Be4 Qb3 28. Qe2 f5 29. Bc6 Bxd3 30. Qh5 e5 31. Qe8+ Bf8 32. Bd7 Rd6 33. Rxd3 Qxd3 34. Be6+ Rxe6 35. Qxe6+ Kh8 36. Qxe5 a4 37. Re1 a3 38. bxa3 bxa3 39. Qb8 a2 40. Qxf8+ Kh7 41. Qxc5 Qb1 42. Qc1 1-0

[Event "*** Titled Tuesday Blitz"]
[Site "Chess.com"]
[Date "2019.06.04"]
[Round "10"]
[White "dopolian"]
[Black "yuki_chess123"]
[Result "0-1"]
[WhiteElo "2258"]
[BlackElo "2183"]
[TimeControl "180+2"]
[EndTime "15:19:56 PDT"]
[Termination "yuki_chess123 won by resignation"]

1. e4 g6 2. d4 Bg7 3. Nc3 c6 4. f4 d5 5. e5 Nh6 6. Nf3 f6 7. Be2 Bg4 8. O-O O-O 9. Be3 Nd7 10. h3 Bxf3 11. Bxf3 Nf5 12. Bf2 fxe5 13. fxe5 e6 14. Ne2 Bh6 15. Qd3 Qb6 16. c3 Rf7 17. b4 Raf8 18. g4 Nh4 19. Bxh4 Nxe5 20. Bxd5 Rxf1+ 21. Rxf1 Rxf1+ 22. Kxf1 Nxd3 23. Bxe6+ Kh8 24. Bc4 Nb2 25. Bb3 Qa6 26. Kf2 Nd3+ 27. Kg2 b5 28. d5 cxd5 29.
Bxd5 Qd6 30. Be4 Nf4+ 31. Nxf4 Bxf4 32. Kf3 Be5 33. Be1 a6 34. Ke2 Kg7 35. Bd2 h6 36.
Bd3 g5 37. Be4 Qc7 38. Kd3 Qc4+ 39. Ke3 Bf4+ 0-1

[Event "*** Titled Tuesday Blitz"]
[Site "Chess.com"]
[Date "2019.06.04"]
[Round "10"]
[White "vladimirdamjanovic"]
[Black "Bryakin_Mikhail"]
[Result "0-1"]
[WhiteElo "2519"]
[BlackElo "2736"]
[TimeControl "180+2"]
[EndTime "15:20:00 PDT"]
[Termination "Bryakin_Mikhail won by resignation"]

1. e4 c6 2. d4 d5 3. e5 Bf5 4. c4 e6 5. Nc3 Ne7 6. Nge2 dxc4 7. Ng3 Bg6 8. Bxc4 Nd7 9. O-O Nf5 10. Nxf5 Bxf5 11. g4 Bg6 12. f4 Nb6 13. Bb3 Qd7 14.
f5 exf5 15. e6 fxe6 16. Bxe6 Qc7 17. gxf5 Bf7 18. Bf4 Bd6 19. Bxf7+ Kxf7 20. Qh5+ Kf8 21. Bxd6+ Qxd6 22. f6 Rg8 23. f7 Rh8 24. Rae1 Qg6+ 25. Qxg6 hxg6 26. Ne4 Nd5 27. Nc5 Nf6 28. Nxb7 Kxf7 29.
Nd6+ Kg8 30. Rc1 Rh4 31. Rxc6 Rxd4 32. Nc8 Kh7 33. Ne7 Re8 34. Rc7 a5 35. Rxf6 Rg4+ 36. Kf2 gxf6 37. Nd5+ Kh6 38. Kf3 Kg5 39. h4+ Rxh4 40. Rc1 Rh3+ 41. Kg2 Rd3 42. Nc7 Re2+ 43. Kf1 Rxb2 44. Ne6+ Kf5 45. Nc5 Rd5 46. Kg1 Rxa2 47. Rf1+ Ke5 48. Nb3 Re2 49. Nc1 Re3 50. Kf2 Ke4 51. Rg1 Rd2+ 52. Kf1 Rd1+ 53. Kf2 Rxg1 0-1

[Event "*** Titled Tuesday Blitz"]
[Site "Chess.com"]
[Date "2019.06.04"]
[Round "10"]
[White "Manukyan_Artak"]
[Black "SloLev"]
[Result "0-1"]
[WhiteElo "2398"]
[BlackElo "2489"]
[TimeControl "180+2"]
[EndTime "15:20:00 PDT"]
[Termination "SloLev won by resignation"]

1. e4 e5 2. Nf3 Nc6 3. d4 exd4 4. Nxd4 Nf6 5. Nxc6 bxc6 6. e5 Qe7 7. Qe2 Nd5 8. c4 Ba6 9. b3 d6 10. exd6 Qxe2+ 11. Bxe2 Nb4 12. dxc7 Nc2+ 13. Kd1 Nxa1 14. Bb2 Kd7 15. Bxa1 Kxc7 16. Kc2 Re8 17. Bd3 Bc5 18. f4 f6 19. Nc3 Re7 20. Ne4 Bb4 21. g4 Rhe8 22.
Ng3 Bc8 23. g5 fxg5 24. fxg5 g6 25. Rf1 Re1 26. Bd4 Rxf1 27. Nxf1 a6 28. c5 Be1 29. Ne3 Bf2 30. Nd5+ cxd5 31. Bxf2 Bf5 32. b4 Kc6 33. Kc3 Bxd3 34. Kxd3 Re5 35. h4 Re4 36. a3 Rf4 37. Be1 Kb5 38. Ke2 Rc4 39. Kd3 Ka4 40. c6 Kxa3 41.
c7 Rxc7 42. Kd4 Re7 43. Bg3 Re4+ 44. Kxd5 Re2 45. Bd6 Ka4 46. Bf8 Rh2 47. Ke6 Kb5 48. Kf7 Kc6 49. Kg7 Rxh4 50. Kg8 Kd7 51. Bh6 Ke6 52. Kxh7 Kf5 0-1

[Event "*** Titled Tuesday Blitz"]
[Site "Chess.com"]
[Date "2019.06.04"]
[Round "10"]
[White "champ2005"]
[Black "HansCoolNiemann"]
[Result "1-0"]
[WhiteElo "2832"]
[BlackElo "2711"]
[TimeControl "180+2"]
[EndTime "15:20:03 PDT"]
[Termination "champ2005 won by resignation"]

1. d4 d5 2. c4 c6 3. Nf3 Nf6 4. Nc3 dxc4 5. a4 Bf5 6. Ne5 Nbd7 7. Nxc4 e6 8. g3 Bb4 9. Bg2 O-O 10. O-O c5 11.
Bxb7 Rb8 12. Bg2 cxd4 13. Qxd4 Nc5 14. Qxd8 Rbxd8 15. Be3 Ng4 16. Bxc5 Bxc5 17. h3 Nf6 18. e4 Bg6 19. Ne5 Rd2 20. Nc4 Rd4 21. b3 Rd3 22. Rac1 Rxg3 23. b4 Rxg2+ 24. Kxg2 Bxb4 25. f3 Rc8 26.
Ne2 Nh5 27. Ne5 Rf8 28. Rfd1 f5 29. Nxg6 hxg6 30. Rc6 Re8 31. e5 a5 32. h4 Kf7 33.
Rd7+ Kg8 34. f4 Be1 35. Kf3 Bxh4 36. Nd4 g5 37. fxg5 Bxg5 38. Rxe6 Rf8 39. Rg6 Bh6 40. Rgd6 Re8 41. Rd8 Rxd8 42. Rxd8+ Kf7 43. Nxf5 Bg5 44. Ra8 Ke6 45. Kg4 1-0

[Event "*** Titled Tuesday Blitz"]
[Site "Chess.com"]
[Date "2019.06.04"]
[Round "10"]
[White "JozefKneht"]
[Black "TBergh98"]
[Result "1-0"]
[WhiteElo "2502"]
[BlackElo "2401"]
[TimeControl "180+2"]
[EndTime "15:20:06 PDT"]
[Termination "JozefKneht won by resignation"]

1. e4 Nf6 2. e5 Nd5 3. d4 d6 4. Nf3 dxe5 5. Nxe5 c6 6. Be2 Bf5 7. O-O e6 8. c4 Nb4 9. Na3 Nd7 10. Qb3 Nxe5 11.
dxe5 Qc7 12. Bf4 Be7 13. Rad1 O-O 14. Rd6 a5 15. c5 Nd5 16. Bg3 Bxd6 17. exd6 Qc8 18.
Nc4 a4 19. Qf3 Qd8 20. Rc1 Rc8 21.
Qa3 b5 22. Ne3 Bg6 23. Nxd5 exd5 24. h4 Qd7 25. h5 Bf5 26. Qb4 Rfe8 27. Bf3 Be4 28.
h6 Bxf3 29. gxf3 gxh6 30. Kg2 Re6 31. Qg4+ Kf8 32. Rh1 Rd8 33. Qf4 Rg6 34. Rxh6 Kg8 35. Qh4 f6 36. Rxg6+ hxg6 37. Qxf6 Rf8 38. Qxg6+ Qg7 39.
Qh5 Rf6 40. Kf1 Re6 41. Qg4 Qxg4 42. fxg4 Kf7 43. Bh4 d4 44. d7 Re8 45. dxe8=Q+ Kxe8 46. Ke2 1-0

[Event "*** Titled Tuesday Blitz"]
[Site "Chess.com"]
[Date "2019.06.04"]
[Round "10"]
[White "BillieKimbah"]
[Black "KNVB"]
[Result "0-1"]
[WhiteElo "2788"]
[BlackElo "2736"]
[TimeControl "180+2"]
[EndTime "15:20:08 PDT"]
[Termination "KNVB won by resignation"]

1. d4 Nf6 2. c4 e6 3. Nc3 Bb4 4. g3 d5 5. Bg2 O-O 6. Nf3 dxc4 7. O-O c5 8. dxc5 Bxc5 9. Ne5 Qe7 10. Bg5 Rd8 11. Qc2 h6 12. Bxf6 gxf6 13. Nxc4 Nc6 14. e3 Bd7 15. a3 Rac8 16. b4 Nxb4 17. Qe2 Nc6 18. Qh5 Kg7 19. Qg4+ Kh7 20. Rfd1 f5 21.
Qe2 Be8 22. Nd2 Ne5 23. Nb3 Rxd1+ 24. Rxd1 Bxa3 25. Nb5 Bxb5 26. Qxb5 Nc6 27. e4 fxe4 28.
Bxe4+ Kg7 29. Qh5 Qg5 30. Qe2 Rc7 31. h4 Qf6 32. Qg4+ Kf8 33. Nd2 Ne5 34. Qe2 Rd7 35. Rb1 Bc5 36. Kg2 Qxf2+ 37. Qxf2 Bxf2 38. Kxf2 Rxd2+ 39. Ke3 Rb2 40. Rc1 Rb3+ 41. Kf4 Nd3+ 42.
Bxd3 Rxd3 43. Rc7 Rb3 0-1

[Event "*** Titled Tuesday Blitz"]
[Site "Chess.com"]
[Date "2019.06.04"]
[Round "10"]
[White "Borsuk_Konstantin"]
[Black "awesomevishesh"]
[Result "1-0"]
[WhiteElo "2614"]
[BlackElo "2453"]
[TimeControl "180+2"]
[EndTime "15:20:09 PDT"]
[Termination "Borsuk_Konstantin won by resignation"]

1. d4 Nf6 2. c4 g6 3. Nc3 Bg7 4. e4 d6 5. f3 O-O 6. Be3 a6 7. Qd2 c6 8. a4 a5 9. Nge2 Na6 10. g4 e5 11. d5 Nc5 12. Bxc5 dxc5 13. Ng3 cxd5 14. cxd5 Ne8 15. h4 h6 16. h5 g5 17.
Qe3 b6 18. Nb5 Nd6 19. Nxd6 Qxd6 20. Bb5 Rd8 21. Rc1 Bf8 22. Ke2 Rb8 23. Rc3 Qf6 24.
Rhc1 Bd6 25. Nf1 Qe7 26. Nd2 f6 27. Nc4 Kg7 28. Rb3 Qc7 29. Kd2 Qa7 30. Kc2 Qc7 31.
Kb1 Qa7 32. Na3 Qe7 33. Qd3 Qc7 34. Ba6 Bd7 35. Bb5 Bc8 36. Nc4 Qe7 37. Ne3 Qc7 38. Bc6 Qe7 39. Qc4 Qa7 40. Rcc3 Qe7 41. Rb5 Bc7 42.
Qb3 Rd6 43. Nc4 Rxc6 44. dxc6 Be6 45. Qc2 Qe8 46. Ne3 Qxc6 47. Rd3 Rd8 48. Rxd8 Bxd8 49. Qd3 Be7 50. Nf5+ Kh7 51. Nxe7 Qe8 52. Nd5 Bxd5 53.
Qxd5 Kg7 1-0

[Event "*** Titled Tuesday Blitz"]
[Site "Chess.com"]
[Date "2019.06.04"]
[Round "10"]
[White "GelmanAlexander"]
[Black "MarianPetrov"]
[Result "0-1"]
[WhiteElo "2596"]
[BlackElo "2626"]
[TimeControl "180+2"]
[EndTime "15:20:10 PDT"]
[Termination "MarianPetrov won by resignation"]

1. d4 c5 2. d5 g6 3. e4 Bg7 4. Nc3 d6 5. Nf3 Nf6 6. Bc4 O-O 7. O-O Bg4 8. h3 Bxf3 9. Qxf3 Nfd7 10. Qd1 Na6 11.
Re1 Nc7 12. a4 b6 13. Bf1 a6 14. Bg5 Re8 15. Qd2 Qb8 16. f4 Qb7 17. Kh1 f6 18. Bh4 b5 19. f5 Ne5 20. Bg3 b4 21. Ne2 gxf5 22. Nf4 fxe4 23. Rxe4 e6 24. Rd1 Bh6 25. Qe1 exd5 26. Nxd5 Nxd5 27. Bc4 Nxc4 28. Rxe8+ Rxe8 29. Qxe8+ Kg7 30. Qe6 Nde3 31. Rg1 Qf7 32. Qe4 f5 33. Qc6 f4 34. Bf2 Qd5 35. Qd7+ Kg6 36. b3 Ne5 37.
Qe8+ Qf7 38. Qd8 Bf8 39. Rf1 Be7 40. Qc8 Nxf1 41. Qxa6 Ng3+ 42. Bxg3 fxg3 43. Qe2 Qf2 0-1

[Event "*** Titled Tuesday Blitz"]
[Site "Chess.com"]
[Date "2019.06.04"]
[Round "10"]
[White "King_of_the_wing"]
[Black "Aknok"]
[Result "1-0"]
[WhiteElo "2224"]
[BlackElo "2405"]
[TimeControl "180+2"]
[EndTime "15:20:14 PDT"]
[Termination "King_of_the_wing won by resignation"]

1. e4 e6 2. d4 d5 3. Nc3 Bb4 4. a3 Bxc3+ 5. bxc3 dxe4 6. Qg4 Nf6 7. Qxg7 Rg8 8. Qh6 Rg6 9. Qd2 c5 10. g3 Nc6 11. Bb2 Bd7 12. O-O-O Qa5 13. Ne2 O-O-O 14. Nf4 Rgg8 15. Bc4 Kb8 16. Nxe6 Bxe6 17. Bxe6 fxe6 18. Qf4+ e5 19. Qxf6 exd4 20. cxd4 cxd4 21. Qf4+ Ka8 22. Qxe4 Rge8 23. Qh4 d3 24. Rxd3 Rxd3 25. cxd3 Re2 26. Rd1 Qc5+ 27. Qc4 Qxf2 28. Qc3 Qxh2 29. d4 a6 30. d5 Ne5 31. Qc8+ Ka7 32. Bd4+ b6 33. Qc7+ Ka8 34. Bxe5 Qh6+ 35. Kb1 Qg6+ 36. Ka1 Qe8 37. Qc6+ Qxc6 38. dxc6 Rxe5 39. Rd8+ Ka7 40. c7 Re1+ 41. Kb2 1-0

[Event "*** Titled Tuesday Blitz"]
[Site "Chess.com"]
[Date "2019.06.04"]
[Round "10"]
[White "LarissaSteenbekkers"]
[Black "aa175"]
[Result "1-0"]
[WhiteElo "1987"]
[BlackElo "2011"]
[TimeControl "180+2"]
[EndTime "15:20:16 PDT"]
[Termination "LarissaSteenbekkers won on time"]

1. e4 e5 2. Nf3 f5 3. Nc3 Nc6 4. Bb5 Nf6 5. exf5 d6 6. Nh4 a6 7. Bxc6+ bxc6 8. d4 exd4 9. Qxd4 c5 10. Qd1 Bb7 11. O-O d5 12. Bg5 Bd6 13. Re1+ Kf7 14. Nxd5 Bxh2+ 15. Kxh2 Qxd5 16. Qxd5+ Nxd5 17. Rad1 h6 18. Bc1 Nf6 19. Ng6 Rhe8 20. Bf4 Be4 21. Bxc7 Bxc2 22.
Ne5+ Rxe5 23. Bxe5 Ng4+ 24. Kg3 Nxe5 25. Rd2 Nd3 26. Re3 Bb1 27. Rexd3 Bxd3 28. Rxd3 Rb8 29. b3 Rb5 30. Rd6 c4 31. bxc4 Ra5 32. f3 Rxa2 33. c5 a5 34. Ra6 a4 35. c6 Rc2 36. Kf4 a3 37. Ke5 a2 38. Kd6 Rxg2 39.
c7 Rc2 40. Rxa2 Rxa2 41. c8=Q Rd2+ 42. Ke5 Re2+ 43. Kf4 Re7 44. Qc4+ Kf8 45. Kg4 Ke8 46. Kh5 1-0

[Event "*** Titled Tuesday Blitz"]
[Site "Chess.com"]
[Date "2019.06.04"]
[Round "10"]
[White "LazovT"]
[Black "MatthewG-p4p"]
[Result "0-1"]
[WhiteElo "2617"]
[BlackElo "2792"]
[TimeControl "180+2"]
[EndTime "15:20:18 PDT"]
[Termination "MatthewG-p4p won by resignation"]

1. e4 e6 2. d4 d5 3. Nd2 a6 4. Ngf3 Nf6 5. e5 Nfd7 6. Bd3 c5 7.
c3 Nc6 8. O-O g5 9. Qe2 g4 10. Ne1 cxd4 11. cxd4 Nxd4 12. Qxg4 Nc6 13. f4 h5 14. Qh3 Nc5 15. Be2 h4 16. Nd3 Qb6 17. Kh1 Bd7 18. Nxc5 Bxc5 19. Nf3 O-O-O 20. a3 Kb8 21. Ng5 Rdf8 22. b4 Be7 23. Rb1 Na7 24.
Be3 Qd8 25. Nf3 Nb5 26. Rb3 d4 27. Nxd4 Nxd4 28. Bxd4 Ba4 29. Rd3 Qc7 30. Rc3 Qd7 31. Qe3 h3 32. g3 Rc8 33. Rfc1 Bc6+ 34. Kg1 Qd5 35. Kf2 Rhd8 36. Ba7+ Ka8 37. Rxc6 Rxc6 38. Bb6 Qg2+ 39. Ke1 Qh1+ 40. Bf1 Rdc8 41. Rxc6 Rxc6 42. Bd4 Qxh2 43. Qd3 Rc1+ 0-1

[Event "*** Titled Tuesday Blitz"]
[Site "Chess.com"]
[Date "2019.06.04"]
[Round "10"]
[White "NoGalloNoParty"]
[Black "26andrej26"]
[Result "0-1"]
[WhiteElo "2386"]
[BlackElo "2512"]
[TimeControl "180+2"]
[EndTime "15:20:21 PDT"]
[Termination "26andrej26 won on time"]

1. Nf3 Nf6 2. c4 g6 3. g3 d6 4. Bg2 Bg7 5. Nc3 O-O 6. d4 a6 7.
O-O Nc6 8. Bf4 Bd7 9. Rc1 Rb8 10. b3 b5 11. Nd5 bxc4 12. Nxf6+ Bxf6 13. Rxc4 Nxd4 14.
Nxd4 e5 15. Bh6 exd4 16. Bxf8 Kxf8 17. Rxd4 Bxd4 18. Qxd4 Kg8 19. h4 Rb5 20. Rc1 a5 21.
e3 h5 22. Bf1 Re5 23. Qa7 c6 24. Bg2 d5 25. Rc5 Bf5 26. Rxc6 Be4 27. Qa6 Re8 28. Rd6 Qe7 29. Bf1 Kg7 30. Qb6 Rc8 31. Qd4+ Kg8 32. Rb6 Qc7 33. Rf6 Qe7 34. Rf4 Rc1 35. f3 Bf5 36. Qxd5 Qxe3+ 37. Kh2 Rc2+ 38. Bg2 Qf2 39. Qd8+ Kh7 0-1

[Event "*** Titled Tuesday Blitz"]
[Site "Chess.com"]
[Date "2019.06.04"]
[Round "10"]
[White "rasmussvane"]
[Black "wonderfultime"]
[Result "1-0"]
[WhiteElo "2908"]
[BlackElo "3002"]
[TimeControl "180+2"]
[EndTime "15:20:22 PDT"]
[Termination "rasmussvane won by resignation"]

1. Nf3 Nf6 2. c4 c6 3. d4 d5 4. Nbd2 Bf5 5. Nh4 Be6 6. e3 g6 7. b3 Bg7 8. Bb2 O-O 9. Be2 a5 10. O-O Nbd7 11. cxd5 cxd5 12. a4 Qb6 13. Ba3 Rfe8 14.
Rc1 g5 15. Nhf3 h6 16. Bb5 Bf8 17. Qc2 Red8 18. Qc7 Qa7 19. h3 Ne4 20. Nxe4 dxe4 21. Nd2 Nf6 22. Bxe7 Nd5 23. Qxd8 Rxd8 24. Bxd8 Qb8 25.
Bxa5 b6 26. Bc3 Ba3 27. Rc2 Bxh3 28. gxh3 Nxe3 29. Ra2 Nxf1 30. Bxf1 e3 31. Rxa3 Qf4 32. fxe3 Qxe3+ 33. Kg2 Qxc3 34. Ra2 Qxd4 35. Bc4 Kg7 36. Nf3 Qc3 37. Re2 f5 38. Re7+ Kf8 39.
Re6 g4 40. hxg4 fxg4 41. Ne5 Qh3+ 42. Kf2 g3+ 43. Ke2 Qg2+ 44. Kd3 Qf1+ 45. Ke4 Qe1+ 46. Kf5 Qf2+ 47. Kg6 Qd4 48. Rf6+ Ke8 49. Bb5+ Kd8 50. Nc6+ 1-0

[Event "*** Titled Tuesday Blitz"]
[Site "Chess.com"]
[Date "2019.06.04"]
[Round "10"]
[White "riconaipe"]
[Black "marianokar"]
[Result "1/2-1/2"]
[WhiteElo "2562"]
[BlackElo "2428"]
[TimeControl "180+2"]
[EndTime "15:20:26 PDT"]
[Termination "Game drawn by repetition"]

1. d4 Nf6 2. c4 e6 3. Nc3 Bb4 4.
Nf3 b6 5. Bg5 Bb7 6. Nd2 Bxc3 7.
bxc3 d6 8. Qc2 Nbd7 9. e4 e5 10. f3 h6 11. Be3 Nf8 12. Be2 Ng6 13. g3 h5 14. Qb3 h4 15. Kf2 c5 16. a4 a5 17. Rab1 Nd7 18. f4 exf4 19. gxf4 Nxf4 20. Bxf4 Qf6 21. Ke3 g5 22. Rhf1 gxf4+ 23. Rxf4 Qh6 24. Rf1 O-O-O 25. Kd3 Rhf8 26. Bg4 Kc7 27. Rxf7 Rxf7 28. Rxf7 Bc8 29. d5 Qg6 30. Be6 Qg1 31. Qb5 Qxh2 32.
Qc6+ Kb8 33. Bxd7 Qg3+ 34. Kc2 Bxd7 35. Rxd7 Rxd7 36. Qxd7 h3 37. Qe8+ Kb7 38. e5 h2 39.
Qc6+ Ka7 40. Qc7+ Ka6 41. Qc8+ Ka7 42. Qd7+ Ka6 43. e6 h1=Q 44. e7 Qh7+ 45. Kb3 Qgd3 46. Qc8+ Ka7 47. Qd7+ Ka6 48. Qb5+ Ka7 49. Qd7+ Ka6 1/2-1/2

[Event "*** Titled Tuesday Blitz"]
[Site "Chess.com"]
[Date "2019.06.04"]
[Round "10"]
[White "51616516516"]
[Black "Alliswell998"]
[Result "0-1"]
[WhiteElo "2315"]
[BlackElo "2418"]
[TimeControl "180+2"]
[EndTime "15:20:31 PDT"]
[Termination "Alliswell998 won on time"]

1. d4 Nf6 2. c4 c5 3. Nf3 cxd4 4. Nxd4 b6 5. Nc3 Bb7 6. f3 e6 7. e4 d6 8. Be3 Be7 9. Be2 a6 10. O-O O-O 11. Rc1 Nbd7 12. b3 Rc8 13. Qd2 Qc7 14. Rfe1 Qb8 15. Bf1 Rfe8 16. Nde2 Bd8 17. Nf4 Bc7 18.
g4 Ne5 19. Bg2 Ba8 20. h4 b5 21. cxb5 axb5 22. Qe2 b4 23. Na4 d5 24. g5 Nfd7 25.
Nh5 dxe4 26. fxe4 Ng6 27. Rf1 Nde5 28. Qf2 Re7 29. Bc5 Rd7 30. Rcd1 Ng4 31. Qb2 Be5 32. Qe2 Nh2 33. Rxd7 Nxf1 34. Qxf1 Nh8 35. Qd3 Bc6 36. Re7 Bxa4 37. bxa4 Rxc5 38. Qd7 Rc8 39. Kh1 Rd8 40. Qc6 Ng6 41. Kg1 Nxe7 0-1

[Event "*** Titled Tuesday Blitz"]
[Site "Chess.com"]
[Date "2019.06.04"]
[Round "10"]
[White "orrbaverlekszarnyon"]
[Black "PowerThinking2650"]
[Result "0-1"]
[WhiteElo "2221"]
[BlackElo "2360"]
[TimeControl "180+2"]
[EndTime "15:20:36 PDT"]
[Termination "PowerThinking2650 won by checkmate"]

1. e4 e5 2. Nf3 Nc6 3. Bc4 Nf6 4. Ng5 d5 5. exd5 Nd4 6. c3 b5 7. Bf1 Nxd5 8. cxd4 Qxg5 9. Bxb5+ Kd8 10. Qf3 exd4 11. Bc6 Nf4 12. Bxa8 Bg4 13. h4 Bxf3 14. hxg5 Bxa8 15.
f3 Bc5 16. O-O d3+ 17. Kh1 g6 18. g3 Ne6 19. b3 Nxg5 20. Bb2 Re8 21. Bf6+ Be7 22.
Bxg5 Bxg5 23. Kh2 Re2+ 24. Kh3 Bf6 25. Nc3 Rxd2 26. Ne4 Bxe4 27. Rad1 Rxd1 28. Rxd1 Bf5+ 29. g4 Be6 30. Rxd3+ Ke7 31. Kg3 g5 32. a4 c5 33.
a5 Be5+ 34. Kf2 Bc7 35. a6 Bb6 36. Ke1 c4 37. bxc4 Bxc4 38. Rc3 Bxa6 39. Kd2 Ba5 40. Kc2 Bxc3 41. Kxc3 Bb7 42. f4 gxf4 43. g5 Ke6 44.
Kb4 Kf5 45. Kc5 Kxg5 46. Kd4 f3 47. Ke3 Kg4 48. Kf2 Kf4 49. Ke1 Kg3 50. Kd2 f2 51.
Kc3 f1=Q 52. Kb4 Qd3 53. Kc5 Qd5+ 54. Kb4 a5+ 55. Kc3 Ba6 56. Kb2 Qd3 57. Ka1 Qd2 58. Kb1 a4 59. Ka1 a3 60. Kb1 Qb2# 0-1

[Event "*** Titled Tuesday Blitz"]
[Site "Chess.com"]
[Date "2019.06.04"]
[Round "10"]
[White "BlackBoarder"]
[Black "chesstatour"]
[Result "1-0"]
[WhiteElo "2522"]
[BlackElo "2035"]
[TimeControl "180+2"]
[EndTime "15:20:40 PDT"]
[Termination "BlackBoarder won by resignation"]

1. e4 c6 2. Nf3 d5 3. Nc3 dxe4 4. Nxe4 Nf6 5. Nxf6+ gxf6 6. d4 Bg4 7. Be2 e6 8.
h3 Bf5 9. Bf4 Bd6 10. Bxd6 Qxd6 11. c3 Nd7 12. Qb3 O-O-O 13. Nd2 Qd5 14. Bf3 Qxb3 15.
axb3 a6 16. b4 Nb6 17. Ke2 Rhe8 18. Rhd1 e5 19. Be4 exd4 20. Kf3 Bg6 21. Bxg6 hxg6 22. Ne4 dxc3 23. Nd6+ Rxd6 24. Rxd6 cxb2 25. Rb1 Nc4 26.
Rd4 b5 27. Rxc4 bxc4 28. Rxb2 f5 29. Kf4 f6 30. f3 Re5 31. Rc2 g5+ 32. Kg3 Kc7 33.
Rxc4 Kb6 34. h4 Kb5 35. Rd4 Re2 36. h5 a5 37. bxa5 Kxa5 38. Rd6 f4+ 39. Kh3 f5 40. Rxc6 Re1 41. Kh2 g4 42. Rc5+ Kb4 43. Rxf5 g3+ 44.
Kh3 Rh1+ 45. Kg4 Kc3 46. Rxf4 Kd3 47. Rf5 Rh2 48. Kxg3 1-0

[Event "*** Titled Tuesday Blitz"]
[Site "Chess.com"]
[Date "2019.06.04"]
[Round "10"]
[White "mikhaillushenkov"]
[Black "Korchmar_Vasiliy"]
[Result "0-1"]
[WhiteElo "2719"]
[BlackElo "2798"]
[TimeControl "180+2"]
[EndTime "15:20:41 PDT"]
[Termination "Korchmar_Vasiliy won by resignation"]

1. Nf3 d5 2. d4 Nf6 3. c4 c6 4.
Nc3 a6 5. Ne5 Nbd7 6. Bf4 e6 7.
e3 Nxe5 8. Bxe5 Be7 9. Bd3 dxc4 10. Bxc4 b5 11. Be2 Bb7 12. Bf3 Qb6 13. Bxf6 Bxf6 14.
Ne4 Be7 15. O-O f5 16. Nc5 Bxc5 17. dxc5 Qxc5 18. Rc1 Qe7 19. Bxc6+ Bxc6 20. Rxc6 O-O 21. Qb3 Rfe8 22. Rfc1 Kh8 23. Qc3 Red8 24. Qe5 Qd7 25.
h3 Rac8 26. Rc7 Rxc7 27. Rxc7 Qd1+ 28. Kh2 Rg8 29. Qxe6 Qd8 30. Rf7 Qd2 31. Qxf5 Qxb2 32. Qe6 a5 33. f4 b4 34. Re7 h6 35. e4 a4 36. e5 b3 37. axb3 a3 38. f5 Qf2 39. f6 Qf4+ 40. Kg1 a2 41. fxg7+ Kh7 42. Ra7 Qd4+ 43. Kh2 Qxa7 44. Qf5+ Kxg7 45. Qf6+ Kh7 46. Qf5+ Rg6 0-1